 Dungeon Crawl Stone Soup version 0.28-a0-691-gad6df49e81 (webtiles) character file.

Game seed: 5877542549281760520

18731 rogsnak the Zephyrmancer (level 12, 0/99 HPs)
             Began as a Naga Air Elementalist on Oct 21, 2021.
             Was an Elder of Sif Muna.
             Slain by a manticore (4 damage)
             ... on level 13 of the Dungeon on Oct 22, 2021.
             The game lasted 01:10:28 (20140 turns).

rogsnak the Zephyrmancer (Naga Air Elementalist)   Turns: 20140, Time: 01:10:28

Health: 0/99       AC: 15    Str: 11    XL:     12   Next: 61%
Magic:  1/33       EV:  5    Int: 31    God:    Sif Muna [****..]
Gold:   2245       SH:  0    Dex: 13    Spells: 25/33 levels left

rFire   + . .      SeeInvis +   R - +6 Majin-Bo {vamp, MP+6 Int+6}
rCold   + + +      Faith    .   (shield currently unavailable)
rNeg    . . .      Spirit   .   c - +2 scale mail {rC+}
rPois   +          Reflect  .   o - +0 helmet
rElec   .          Harm     .   N - scarf {rC+ rF+}
rCorr   .          Rampage  .   t - +0 pair of gloves
Will    +....                   S - +0 barding
Stlth   +.........              P - amulet of regeneration
HPRegen 1.26/turn               Z - +6 ring of intelligence
MPRegen 0.23/turn               O - ring of protection from cold

@: sluggish, spiked, very slow
A: AC +4, large, see invisible, deformed body, poison resistance, slowness 2,
spit poison 1, naga tail 1
a: Spit Poison, Renounce Religion, Channel Magic, Forget Spell, Divine Exegesis


You were on level 13 of the Dungeon.
You worshipped Sif Muna.
Sif Muna was greatly pleased with you.
You visited 2 branches of the dungeon, and saw 14 of its levels.
You also visited: Bailey and Ice Cave.

You collected 2245 gold pieces.

Inventory:

Hand Weapons
 E - a +0 longbow of flaming
 Q - the +6 rapier "Maapsiaw" {vorpal, rF+++ Str+4 Int+3 Stlth+}
   (You found it on level 6 of the Dungeon)

   It inflicts extra damage upon your enemies.
   Str:       It affects your strength (+4).
   Int:       It affects your intelligence (+3).
   rF:        It renders you almost immune to fire.
   Stlth:     It makes you more stealthy.
 R - the +6 Majin-Bo (weapon) {vamp, MP+6 Int+6}
   (You found it on level 6 of the Dungeon)

   It occasionally heals its wielder for a portion of the damage dealt when they
   wound a living foe with it or with a spell.
   Its wielder's spells cost health as well as magical power.
   Int:       It affects your intelligence (+6).
   MP:        It affects your magic capacity (+6).
 V - a +1 halberd of venom
Missiles
 e - 3 boomerangs of dispersal
 f - 72 poisoned darts (quivered)
 h - 221 arrows
 W - 4 throwing nets
Armour
 a - a +0 robe
 c - a +2 scale mail of cold resistance (worn)
 n - a scarf of shadows
 o - a +0 helmet (worn)
 t - a +0 pair of gloves (worn)
 v - +0 ice dragon scales
 H - a +0 buckler
 N - a scarf of resistance (worn)
 S - a +0 barding (worn)
Magical Staves
 i - a staff of earth
 r - a staff of cold
Jewellery
 j - a ring of willpower
 l - a +4 ring of evasion
 q - a +6 ring of dexterity
 x - a ring of resist corrosion
 O - a ring of protection from cold (right hand)
 P - an amulet of regeneration (around neck)
 U - the ring of Ucei {rPois Str+5}
   (You found it on level 12 of the Dungeon)

   [ring of poison resistance]

   Str:       It affects your strength (+5).
   rPois:     It protects you from poison.
 Z - a +6 ring of intelligence (left hand)
Wands
 p - a wand of polymorph (22)
 y - a wand of flame (12)
 J - a wand of iceblast (6)
 Y - a wand of paralysis (1)
Scrolls
 g - 5 scrolls of teleportation
 k - 2 scrolls of noise
 z - 2 scrolls of enchant weapon {unknown}
 A - 3 scrolls of amnesia {unknown}
 B - 2 scrolls of enchant armour
 C - 3 scrolls of vulnerability {unknown}
 I - 4 scrolls of immolation {unknown}
 M - a scroll of brand weapon
 T - a scroll of magic mapping
Potions
 b - 3 potions of haste {unknown}
 d - 4 potions of brilliance {unknown}
 m - 4 potions of lignification {unknown}
 s - 4 potions of cancellation {unknown}
 u - 2 potions of degeneration
 w - 9 potions of curing {unknown}
 F - 3 potions of attraction {unknown}
 G - 2 potions of ambrosia
 L - 6 potions of invisibility {unknown}
 X - 2 potions of might
Miscellaneous
 D - a tin of tremorstones (2/2)


   Skills:
 + Level 3.8 Fighting
 - Level 0.4 Throwing
 + Level 0.4 Armour
 + Level 3.6 Dodging
 - Level 3.0 Stealth
 + Level 11.3 Spellcasting
 * Level 10.6 Conjurations
 + Level 11.9 Air Magic
 + Level 1.3 Evocations


You had 25 spell levels left.
You knew the following spells:

 Your Spells              Type           Power      Damage    Failure   Level
a - Shock                 Conj/Air       100%       1d9       1%          1
b - Swiftness             Air            74%        N/A       1%          3
c - Airstrike             Air            37%        N/A       1%          4

Your spell library contained the following spells:

 Spells                   Type           Power      Damage    Failure   Level
 Static Discharge         Conj/Air       72%        N/A       1%          2
 Freeze                   Ice            68%        1d8       19%         1
 Hailstorm                Conj/Ice       50%        3d11      21%         4
 Frozen Ramparts          Ice            34%        1d5       47%         3


Dungeon Overview and Level Annotations

Branches:
Dungeon (13/15)            Temple (1/1) D:5            Lair (0/6) D:11
    Orc (0/2) D:9          Bailey (visited)           IceCv (visited)
 Vaults: D:13-14

Altars:
Ashenzari
Cheibriados
Dithmenos
Elyvilon
Fedhas
Gozag
Hepliaklqana
Kikubaaqudgha
Makhleb
Nemelex Xobeh
Okawaru
Qazlal
Ru
Sif Muna
Trog
Uskayaw
Vehumet
Wu Jian
Xom
Yredelemnul
Zin
The Shining One
Beogh

Shops:
D:9 *   D:10 [

Annotations:
D:6 2 transporters, ytrimaz's ghost, novice MiBe
D:11 Gastronok


Innate Abilities, Weirdness & Mutations

Your serpentine skin is tough. (AC +4)
You have supernaturally acute eyesight. (SInv)
Armour fits poorly on your strangely shaped body.
Your system is resistant to poisons. (rPois)
You cover ground very slowly.
You can spit poison.
You have a snake-like lower body.


Message History

Aiming: Airstrike (mildly dangerous; 1% risk of failure)
Press: ? - help, Dir - move target, f/p - manticore
Aim: a manticore (heavily wounded, empty space bonus: 3/8)
Okay, then.
Casting: Airstrike (mildly dangerous; 1% risk of failure)
Confirm with . or Enter, or press ? or * to list all spells.
Aiming: Airstrike (mildly dangerous; 1% risk of failure)
Press: ? - help, Dir - move target, f/p - manticore
Aim: a manticore (heavily wounded, empty space bonus: 3/8)
The air twists around and strikes the manticore!
The manticore is severely wounded.
Unknown command.
Unknown command.
Casting: Airstrike (mildly dangerous; 1% risk of failure)
Confirm with . or Enter, or press ? or * to list all spells.
Aiming: Airstrike (mildly dangerous; 1% risk of failure)
Press: ? - help, Dir - move target, f/p - manticore
Aim: a manticore (severely wounded, empty space bonus: 4/8)
The air twists around and strikes the manticore!
The manticore is severely wounded.
* * * LOW HITPOINT WARNING * * *
The manticore bites you but does no damage.
The manticore claws you but does no damage. x2
Unknown command.
You hit the manticore.
You feel better.
The manticore is almost dead.
The manticore barely misses you.
The manticore claws you but does no damage.
The manticore completely misses you.
Unknown command.
You hit the manticore.
The manticore is almost dead.
The manticore bites you!
* * * LOW HITPOINT WARNING * * *
The manticore claws you but does no damage. x2
The manticore bites you!
* * * LOW HITPOINT WARNING * * *
The manticore claws you but does no damage.
The manticore claws you.
You die...

*,***,,,.........# *,*,******
,,,,,,,,.........# *,*,*
*,******######...# *,*,* *+***
##..#******,*,* ,,,,*
*****#..#,,,,,*,*,* ,,,,***
**,,,*#..#*,**,*.#,* ****
,,,,,,***,,*,*#..##,**○#.#,**#.,,
*,...,,,,,,#.##...#,##°#.#,#...,,
*##.≈≈≈≈≈,.#.#..@.#§.°)°...#.#,,,
,,..≈#####...#.#H..#**,#.#...*,,,
###.≈#.......#.#.#.....#.#.###..,
#...≈#.....≈...#.#..####....H..,,
#.#.≈#...≈#..###.#.....?...#*****
#....#..≈#≈......#...###.#<..#,,,
#..#....#≈.#.#####...#*#.#**.#,**
#..##..≈.#.#.# #....*#.# *,*,**
#......###.#.# #..#.##.###.#,**


You could see a manticore.

Vanquished Creatures
  A hydra (D:11)
  A centaur warrior (D:13)
  Pikel (D:7)
  An ugly thing (D:13)
  A cyclops (D:11)
  2 deep elf pyromancers (D:13)
  3 manticores
  2 centaur zombies
  An ice statue (IceCv)
  A kobold demonologist (D:11)
  A freezing wraith (IceCv)
  Psyche (D:8)
  An ice devil (IceCv)
  2 rime drakes (D:13)
  A troll (D:12)
  Grinder (D:5)
  2 hornets
  Prince Ribbit (D:9)
  A shadow (D:10)
  A vampire (D:11)
  2 dire elephant simulacra (IceCv)
  18 yaks
  3 wraiths
  A wyvern (D:8)
  A steam dragon (D:8)
  A death yak simulacrum (IceCv)
  3 wargs (D:9)
  An acid dragon (D:9)
  A water moccasin (D:8)
  An ice beast (D:5)
  A black bear (D:7)
  5 orc warriors
  2 sky beasts
  2 necrophages
  3 ogres
  6 centaurs
  4 lemures (D:7)
  4 kobold brigands
  Blork the orc (D:4)
  2 bullfrogs (D:7)
  A scorpion (D:5)
  8 gnoll sergeants (Bailey)
  8 two-headed ogre simulacra (IceCv)
  3 cane toad simulacra (IceCv)
  Dowan (D:5)
  A wyvern skeleton (D:7)
  11 killer bees
  3 elephant simulacra (IceCv)
  4 howler monkeys
  7 hounds
  2 jellies (D:6)
  7 gnoll shamans
  7 orc priests
  A centaur skeleton (D:7)
  6 iguanas
  Ijyb (D:3)
  3 polar bear simulacra (IceCv)
  17 orc wizards
  3 spriggan simulacra (IceCv)
  5 troll simulacra (IceCv)
  A wolf simulacrum (IceCv)
  A hound skeleton (D:4)
  8 adders
  20 gnolls
  6 naga simulacra (IceCv)
  A shadow imp (D:7)
  7 white imps (IceCv)
  6 ufetubi
  A worm (D:2)
  3 dart slugs
  49 orcs
  8 endoplasms
  2 giant cockroaches (D:1)
  14 goblins
  9 hobgoblins
  7 jackals
  2 quokkas
  5 ball pythons
  5 bats
  5 frilled lizards
  19 kobolds
  7 rats
373 creatures vanquished.

Vanquished Creatures (others)
  An ogre (D:5)
1 creature vanquished.

Grand Total: 374 creatures vanquished

Notes
Turn   | Place    | Note
-------+----------+-------------------------------------------
     0 | D:1      | rogsnak the Naga Air Elementalist began the quest for the
                  | Orb.
     0 | D:1      | Reached XP level 1. HP: 15/15 MP: 3/3
   333 | D:1      | Reached XP level 2. HP: 22/22 MP: 0/5
   943 | D:1      | Reached XP level 3. HP: 28/28 MP: 6/6
  2159 | D:2      | Reached XP level 4. HP: 36/36 MP: 3/7
  2208 | D:2      | Learned a level 3 spell: Swiftness
  2213 | D:2      | Learned a level 4 spell: Airstrike
  2322 | D:2      | Found a faded altar of an unknown god.
  2528 | D:3      | Noticed Ijyb
  3156 | D:3      | Noticed a kobold brigand
  3180 | D:3      | Killed a kobold brigand
  3181 | D:3      | Reached XP level 5. HP: 4/42 MP: 0/9
  3536 | D:3      | Killed Ijyb
  4054 | D:4      | Noticed Blork the orc
  4070 | D:4      | Killed Blork the orc
  4071 | D:4      | Reached XP level 6. HP: 35/50 MP: 3/11
  4257 | D:4      | Noticed a sky beast
  4302 | D:4      | You fall into a shaft and drop 1 floor!
  4302 | D:5      | Entered Level 5 of the Dungeon
  4442 | D:4      | Reached skill level 1 in Fighting
  4816 | D:4      | Reached XP level 7. HP: 47/57 MP: 3/12
  5510 | D:5      | Reached skill level 5 in Conjurations
  5979 | D:5      | Noticed Grinder
  5985 | D:5      | Killed Grinder
  5986 | D:5      | Reached skill level 5 in Air Magic
  5986 | D:5      | Reached XP level 8. HP: 64/64 MP: 1/15
  5989 | D:5      | Found a staircase to the Ecumenical Temple.
  5999 | Temple   | Entered the Ecumenical Temple
  6122 | Temple   | Became a worshipper of Sif Muna the Loreminder
  6701 | D:5      | Reached skill level 5 in Spellcasting
  6969 | D:5      | Noticed Duvessa
  6969 | D:5      | Noticed Dowan
  7297 | D:5      | Noticed Duvessa
  7297 | D:5      | Duvessa changed into Duvessa the killer bee
  7307 | D:5      | Killed Duvessa the killer bee
  7313 | D:5      | Killed Dowan
  7812 | D:6      | Reached XP level 9. HP: 66/73 MP: 13/17
  7846 | D:6      | Identified the +6 rapier "Maapsiaw" {vorpal, rF+++ Str+4
                  | Int+3 Stlth+}
  7884 | D:6      | Found a transporter.
  7897 | D:6      | Noticed ytrimaz's ghost (novice MiBe)
  7898 | D:6      | Found a transporter.
  7899 | D:6      | Found the +6 Majin-Bo {vamp, MP+6 Int+6}
  8630 | D:7      | Found a flagged portal.
  8705 | Bailey   | Entered a bailey
  8829 | Bailey   | Reached * piety under Sif Muna
  9638 | D:7      | Reached skill level 1 in Evocations
  9697 | D:7      | Found a bloodstained altar of Trog.
 10084 | D:7      | Reached XP level 10. HP: 82/82 MP: 20/20
 10549 | D:7      | Noticed Pikel
 10557 | D:7      | Killed Pikel
 10866 | D:8      | Reached ** piety under Sif Muna
 10998 | D:8      | Noticed Psyche
 11058 | D:8      | Paralysed by a hornet for 2 turns
 11062 | D:8      | Killed Psyche
 12094 | D:9      | Noticed Prince Ribbit
 12096 | D:9      | Killed Prince Ribbit
 12385 | D:9      | Reached XP level 11. HP: 69/90 MP: 13/23
 12661 | D:9      | Found a staircase to the Orcish Mines.
 12830 | D:9      | Found Isufety's Changing Room.
 12961 | D:9      | Reached *** piety under Sif Muna
 13207 | D:10     | Entered Level 10 of the Dungeon
 13519 | D:10     | Found Kupi's Armour Emporium.
 14267 | D:10     | Reached skill level 10 in Air Magic
 14633 | D:11     | Found a staircase to the Lair.
 14673 | D:11     | Noticed an eight-headed hydra
 15083 | D:11     | Reached **** piety under Sif Muna
 15139 | D:11     | Found a basalt altar of Yredelemnul.
 15255 | D:11     | Killed an eight-headed hydra
 15428 | D:11     | Noticed Gastronok
 15554 | D:11     | Reached skill level 10 in Conjurations
 15683 | D:11     | Noticed a cyclops
 15687 | D:11     | Killed a cyclops
 15688 | D:11     | Reached skill level 10 in Spellcasting
 16132 | D:12     | Identified the ring of Ucei {rPois Str+5}
 16190 | D:12     | Noticed a manticore
 16194 | D:12     | Killed a manticore
 16407 | D:12     | Reached XP level 12. HP: 95/99 MP: 15/26
 16704 | D:12     | Identified the +1 scimitar of Cheese {vorpal, Str+3}
 16744 | D:12     | Noticed a centaur warrior
 17118 | D:13     | Noticed a centaur warrior
 17133 | D:13     | Killed a centaur warrior
 17134 | D:13     | Found a frozen archway.
 17225 | IceCv    | Entered an ice cave
 19555 | IceCv    | Noticed a reaper
 20140 | D:13     | HP: 4/99 [manticore (14)]
 20140 | D:13     | Slain by a manticore

Illustrated notes

Levels and vault maps discovered:
D:1:      dpeg_arrival_water_fire, layout_basic
D:2:      layout_loops_ring, hellmonk_ecumenical_altar_prayer_group
D:3:      layout_loops_corners, uniq_ijyb
D:4:      layout_loops_corners, uniq_blork_the_orc
D:5:      layout_basic, lemuel_temple_firewalk_b, grunt_ministairs_5,
          nrook_loot_triangle, kennysheep_diamond, uniq_duvessa, uniq_grinder
D:6:      layout_loops_corners, gammafunk_ghost_arena, minmay_starry_boxes
D:7:      layout_gridville, trog_hazing_becter, enter_bailey_3, uniq_pikel
D:8:      layout_cave_pools, nicolae_lava_and_water, uniq_psyche
D:9:      layout_roguey, minmay_orc_entry_guard_dogs, serial_corexii_hall,
          corexii_hall_statues_t, corexii_hall_statues_u, special_room
          [special_room_orc], nrook_mini_vaults, grunt_decor_one_mirror,
          nicolae_transmutations_shop, uniq_prince_ribbit1
D:10:     layout_stronghold, serial_shops, nicolae_shop_window_shopping
D:11:     layout_stronghold, lair_entry_dummy, yredelemnul_altar_generic,
          uniq_gastronok
D:12:     layout_stronghold
D:13:     layout_basic, portal_ice_cave_rime
Temple:   kilobyte_greek_temple

Skill      XL: |  1  2  3  4  5  6  7  8  9 10 11 12 |
---------------+-------------------------------------+-----
Conjurations   | 2 3 4 5 6 8 9 10 | 10.6
Air Magic      | 4 5 6 7 9 10 11 | 11.9
Spellcasting   | 3 4 5 7 8 10 11 | 11.3
Dodging        | 2 3 |  3.6
Fighting       | 1 2 3 |  3.8
Evocations     | 1 |  1.3
Throwing       | |  0.4
Armour         | |  0.4
Stealth        | |  3.0

Action                   |  1- 3 |  4- 6 |  7- 9 | 10-12 || total
-------------------------+-------+-------+-------+-------++-------
Melee: Unarmed           |     4 |       |       |       ||     4
       Whip              |    12 |       |    16 |       ||    28
       Short sword       |     1 |    20 |    10 |       ||    31
       Hand axe          |       |    17 |     1 |       ||    18
       Quarterstaff      |       |       |    28 |    78 ||   106
 Fire: Longbow           |       |     1 |     9 |       ||    10
Throw: Dart              |       |     5 |       |       ||     5
 Cast: Shock             |    77 |    84 |   233 |   151 ||   545
       Swiftness         |       |     1 |     1 |     7 ||     9
       Airstrike         |       |       |    16 |   301 ||   317
 Abil: Spit Poison       |    16 |    20 |    22 |    21 ||    79
Evoke: Wand              |       |       |    25 |    11 ||    36
  Use: Scroll            |       |       |       |    13 ||    13
       Potion            |       |       |       |     1 ||     1
 Stab: Sleeping          |       |       |     1 |       ||     1
       Paralysed         |       |       |       |     7 ||     7
Armor: Robe              |     5 |    11 |    49 |    81 ||   146
       Scale mail        |       |       |       |    51 ||    51
Dodge: Dodged            |    14 |    45 |    97 |   112 ||   268

Table legend: (Time is in decaauts)
 A = Elapsed time spent in this place.
 B = Non-inter-level travel time spent in this place.
 C = Inter-level travel time spent in this place.
 D = Time resting spent in this place.
 E = Time spent auto-exploring this place.
 F = Levels seen in this place.
 G = Mean time per level.
                   A        B        C        D        E       F      G
               +--------+--------+--------+--------+--------+-----+--------+
         Total |  24303 |  23937 |    366 |   6187 |   8868 |  16 | 1518.9 |
       Dungeon |  20327 |  19961 |    366 |   4205 |   8431 |  13 | 1563.6 |
        Temple |    191 |    191 |      0 |      0 |    127 |   1 |  191.0 |
        Bailey |    971 |    971 |      0 |    408 |     49 |   1 |  971.0 |
      Ice Cave |   2813 |   2813 |      0 |   1572 |    261 |   1 | 2813.0 |
               +--------+--------+--------+--------+--------+-----+--------+

Top non-repeatable levels by time:
   IceCv: 2813 daAuts
     D:5: 2224 daAuts
     D:4: 1972 daAuts
    D:10: 1767 daAuts
     D:3: 1713 daAuts
     D:7: 1650 daAuts
    D:11: 1627 daAuts
     D:8: 1542 daAuts
     D:1: 1517 daAuts
     D:9: 1443 daAuts
     D:6: 1439 daAuts
     D:2: 1433 daAuts
    D:12: 1148 daAuts
  Bailey: 971 daAuts
    D:13: 847 daAuts
